 Dungeon Crawl Stone Soup version 0.27-a0-1502-g47ed6a6988 (webtiles) character file.

Game seed: 6861083211068445631

48 Spaninq the Skirmisher (level 4, -4/37 HPs)
             Began as a Formicid Abyssal Knight on July 8, 2021.
             Was a Follower of Lugonu.
             Succumbed to Sigmund's poison
             ... on level 2 of the Dungeon.
             The game lasted 00:06:21 (1704 turns).

Spaninq the Skirmisher (Formicid Abyssal Knight)    Turns: 1704, Time: 00:06:21

Health: -4/37      AC:  9    Str: 18    XL:     4   Next: 0%
Magic:  5/5        EV:  9    Int: 11    God:    Lugonu [*.....]
Gold:   46         SH:  0    Dex: 10    Spells: 3/3 levels left

rFire    . . .     SeeInvis +   a - +1 hand axe
rCold    . . .     Faith    .   (no shield)
rNeg     . . .     Spirit   .   c - +0 scale mail
rPois    .         Reflect  .   (helmet unavailable)
rElec    .         Harm     .   e - +0 cloak
rCorr    .         Rampage  .   h - +0 pair of gloves
Will     .....                  (no boots)
Stlth    ..........             (no amulet)
HPRegen  0.12/turn              (no ring)
MPRegen  0.09/turn              (no ring)

@: lethally poisoned (-4 -> -26)
A: permanent stasis, dig shafts and tunnels, antennae 3, four strong arms
a: Dig, Shaft Self, Renounce Religion, Depart the Abyss


You were on level 2 of the Dungeon.
You worshipped Lugonu.
Lugonu was aware of your devotion.
You visited 1 branch of the dungeon, and saw 2 of its levels.
You visited the Abyss 1 time.

You collected 46 gold pieces.

Inventory:

Hand Weapons
 a - a +1 hand axe (weapon)
Armour
 c - a +0 scale mail (worn)
 e - a +0 cloak (worn)
 h - a +0 pair of gloves (worn)
Jewellery
 f - a ring of ice
Scrolls
 d - a scroll of identify {unknown}
Potions
 b - a potion of invisibility {unknown}
 g - a potion of magic {unknown}


   Skills:
 + Level 3.7 Fighting
 * Level 3.0 Axes
 + Level 2.8 Armour
 - Level 0.9 Dodging
 - Level 2.4 Invocations


You had 3 spell levels left.
You didn't know any spells.
Your spell library contained the following spells:

 Spells                   Type           Power      Damage    Failure   Level
 Animate Skeleton         Necr           0%         N/A       73%         1
 Magic Dart               Conj           0%         1d3       73%         1
 Pain                     Necr           0%         1d4       73%         1
 Shock                    Conj/Air       0%         1d3       73%         1
 Call Imp                 Summ           0%         N/A       86%         2
 Ensorcelled Hibernation  Hex/Ice        0%         N/A       86%         2
 Lesser Beckoning         Tloc           0%         N/A       97%         3
 Mephitic Cloud           Conj/Pois/Air  0%         N/A       97%         3
 Spider Form              Tmut/Pois      0%         N/A       97%         3
 Vampiric Draining        Necr           0%         2d6       97%         3
 Airstrike                Air            0%         N/A       100%        4
 Manifold Assault         Tloc           0%         N/A       100%        5
 Shadow Creatures         Summ           N/A        N/A       100%        6
 Blink                    Tloc           Unusable   N/A       N/A         2
 Swiftness                Air            Unusable   N/A       N/A         3

Dungeon Overview and Level Annotations

Branches:
Dungeon (2/15)

Altars:

Shops:
D:1 !

Annotations:
D:2 Sigmund


Innate Abilities, Weirdness & Mutations

You cannot be hasted, slowed, berserked, paralysed or teleported.
You can dig through walls and to a lower floor.
You have a pair of large antennae on your head. (SInv)
Your four strong arms can wield two-handed weapons with a shield.


Message History

The quokka bites you but does no damage.
You slash the quokka!
You kill the quokka!
Lugonu accepts your kill.
Sigmund casts a spell.
Sigmund flickers and vanishes for a moment.
You have reached level 4!
You feel stronger. Sigmund completely misses you.
You completely miss Sigmund.
Sigmund hits you with a +2 scythe of venom!
You are poisoned.
You hit Sigmund but do no damage.
You feel very sick. Sigmund closely misses you.
You barely miss Sigmund.
You feel very sick. Sigmund closely misses you.
You hit Sigmund.
Sigmund is lightly wounded.
You feel sick. Sigmund casts a spell at you. You resist with some effort.
You hit Sigmund but do no damage.
Sigmund is lightly wounded.
You feel sick. Sigmund hits you but does no damage.
You are lethally poisoned!
You hit Sigmund.
Sigmund is moderately wounded.
* * * LOW HITPOINT WARNING * * *
You feel very sick. Sigmund casts a spell at you. The puff of flame hits you!
* * * LOW HITPOINT WARNING * * *
Sigmund hits you with a +2 scythe of venom.
* * * LOW HITPOINT WARNING * * *
You are more poisoned.
You hit Sigmund but do no damage.
Sigmund is moderately wounded.
You die...

##.##..##
#.###.#.#..##
#....###...[.
##########.#.#.†#.
#...^.......##....
#.############....
#.# ###.. #.# ##.
#@# ## #@#### #
#....# #
.............# #
####...#..#....
#... ....... #..#.
(...#.. {#.[..
....... #. ..
.......


You could see Sigmund (invisible).

Vanquished Creatures
  2 adders (D:2)
  A dart slug (D:2)
  3 bats
  A goblin (D:2)
  3 hobgoblins
  3 jackals (D:1)
  2 quokkas (D:2)
  6 ball pythons
  3 frilled lizards
  2 kobolds (D:1)
  A rat (D:1)
27 creatures vanquished.

Notes
Turn   | Place    | Note
-------+----------+-------------------------------------------
     0 | Abyss:1  | Spaninq the Formicid Abyssal Knight began the quest for the
                  | Orb.
     0 | Abyss:1  | Reached XP level 1. HP: 18/18 MP: 2/2
   139 | Abyss:1  | Noticed a smoke demon
   141 | D:1      | Escaped the Abyss
   161 | D:1      | Found Amudev's Distillery.
   366 | D:1      | Reached XP level 2. HP: 10/24 MP: 3/3
  1080 | D:2      | Reached XP level 3. HP: 19/29 MP: 4/4
  1319 | D:2      | Reached * piety under Lugonu
  1691 | D:2      | Noticed Sigmund
  1697 | D:2      | Reached XP level 4. HP: 37/37 MP: 5/5
  1704 | D:2      | Succumbed to Sigmund's poison

Illustrated notes

Levels and vault maps discovered:
D:1:      dpeg_arrival_line_fractal, layout_basic, serial_shops, shop_statue,
          minmay_misc_feat_rugged
D:2:      layout_loops_ring, minmay_misc_feat_plants,
          chequers_serial_rivers_small_a, uniq_sigmund

Skill      XL: |  1  2  3 |
---------------+----------+-----
Axes           | 3 |  3.0
Fighting       | |  3.7
Armour         | |  2.8
Dodging        | |  0.9
Invocations    | |  2.4

Action                   |  1- 3 |  4- 6 || total
-------------------------+-------+-------++-------
Melee: Hand axe          |    90 |     7 ||    97
Invok: Depart the Abyss  |     1 |       ||     1
  Use: Potion            |     2 |       ||     2
Armor: Scale mail        |    49 |     1 ||    50
       Leather armour    |     2 |       ||     2
Dodge: Dodged            |    51 |     3 ||    54

Table legend: (Time is in decaauts)
 A = Elapsed time spent in this place.
 B = Non-inter-level travel time spent in this place.
 C = Inter-level travel time spent in this place.
 D = Time resting spent in this place.
 E = Time spent auto-exploring this place.
 F = Levels seen in this place.
 G = Mean time per level.
                   A        B        C        D        E       F      G
               +--------+--------+--------+--------+--------+-----+--------+
         Total |   1719 |   1699 |     20 |    300 |    976 |   3 |  573.0 |
       Dungeon |   1578 |   1558 |     20 |    300 |    976 |   2 |  789.0 |
         Abyss |    141 |    141 |      0 |      0 |      0 |   1 |  141.0 |
               +--------+--------+--------+--------+--------+-----+--------+

Top non-repeatable levels by time:
     D:1: 910 daAuts
     D:2: 668 daAuts
 Abyss:1: 141 daAuts
